 Dungeon Crawl Stone Soup version 0.29-a0-384-g6960b1960d (webtiles) character file.

Game seed: 16743781712953765041

1847 ptdevnull the Fighter (level 9, -4/70 HPs)
             Began as a Djinni Conjurer on May 7, 2022.
             Was an Initiate of Makhleb.
             Killed from afar by a deep elf zephyrmancer (25 damage)
             ... with a bolt of lightning
             ... on level 7 of the Dungeon.
             The game lasted 00:25:57 (7762 turns).

ptdevnull the Fighter (Djinni Conjurer)             Turns: 7762, Time: 00:25:57

Health: -4/70      AC:  8    Str:  6    XL:     9   Next: 34%
Gold:   173        EV: 15    Int: 24    God:    Makhleb [......] SH:  3 Dex: 12

rFire   + . .      SeeInvis .   a - +2 short sword (venom)
rCold   . . .      Faith    .   g - +0 buckler
rNeg    . . .      Spirit   .   e - +0 robe
rPois   ∞          Reflect  .   (no helmet)
rElec   .          Harm     .   u - +2 cloak
rCorr   .          Rampage  .   A - +2 pair of gloves
Will    .....                   (boots unavailable)
Stlth   ++........              (no amulet)
HPRegen 0.21/turn               x - ring of ice
MPRegen 0.00/turn               z - +4 ring of evasion

@: flying
A: sickness immunity, fire resistance 2, cold vulnerability 1, float, innate
caster, HP casting, extra vitality 1
a: Renounce Religion


You were on level 7 of the Dungeon.
You worshipped Makhleb.
Makhleb was noncommittal.
You visited 2 branches of the dungeon, and saw 8 of its levels.

You collected 328 gold pieces.
You spent 155 gold pieces at shops.

Inventory:

Hand Weapons
 a - a +2 short sword of venom (weapon)
 b - the +0 flail of Amoumoy {venom, rF+ rC+ rN+ Dex-2}
   (You found it on level 6 of the Dungeon)

   It poisons the flesh of those it strikes.
   Dex:       It affects your dexterity (-2).
   rF:        It protects you from fire.
   rC:        It protects you from cold.
   rN:        It protects you from negative energy.
 F - a +0 falchion
Missiles
 w - 3 poisoned darts
 y - 5 atropa-tipped darts
Armour
 e - a +0 robe (worn)
 g - a +0 buckler (worn)
 u - a +2 cloak (worn)
 A - a +2 pair of gloves (worn)
Magical Staves
 C - a staff of earth
Jewellery
 x - a ring of ice (left hand)
 z - a +4 ring of evasion (right hand)
Wands
 r - a wand of flame (19)
Scrolls
 f - a scroll of torment
 i - a scroll of fog
 j - 5 scrolls of teleportation
 l - a scroll of magic mapping {unknown}
 m - a scroll of summoning {unknown}
 n - a scroll of blinking {unknown}
 p - 2 scrolls of noise {unknown}
 s - 3 scrolls of enchant weapon
 t - a scroll of immolation {unknown}
 B - a scroll of poison {unknown}
Potions
 c - a potion of mutation {unknown}
 d - 3 potions of heal wounds
 h - 2 potions of curing
 k - 2 potions of cancellation
 o - a potion of attraction {unknown}
 q - a potion of might {unknown}
 v - a potion of haste {unknown}
 D - a potion of lignification {unknown}
 E - a potion of berserk rage {unknown}


   Skills:
 + Level 8.1 Fighting
 - Level 2.1 Dodging
 - Level 1.5 Stealth
 + Level 7.1 Spellcasting


You couldn't memorise any spells.
You knew the following spells:

 Your Spells              Type           Power      Damage    Failure   Level
a - Magic Dart            Conj           100%       1d8       1%          1
b - Searing Ray           Conj           84%        2d7       1%          2
c - Dazzling Flash        Conj/Hex       84%        N/A       1%          3
d - Fulminant Prism       Conj/Hex       21%        3d13      5%          4
e - Iskenderun's Mystic   Conj/Tloc      42%        2d10      5%          4
f - Freeze                Ice            100%       1d11      1%          1
g - Scorch                Fire           84%        2d9       1%          2
h - Poisonous Vapours     Pois/Air       84%        N/A       1%          2
i - Lesser Beckoning      Tloc           42%        N/A       1%          3
Your spell library was empty.

Dungeon Overview and Level Annotations

Branches:
Dungeon (7/15)             Temple (1/1) D:6

Altars:
Ashenzari
Cheibriados
Dithmenos
Elyvilon
Fedhas
Gozag
Hepliaklqana
Kikubaaqudgha
Makhleb
Nemelex Xobeh
Okawaru
Qazlal
Ru
Sif Muna
Trog
Uskayaw
Vehumet
Wu Jian
Yredelemnul
Zin
The Shining One

Shops:
D:4 ?   D:7 [


Innate Abilities, Weirdness & Mutations

You are immune to sickness and miasma.
You are immune to poison.
Your flesh is very heat resistant. (rF++)
You are vulnerable to cold. (rC-)
You float through the air rather than walking.
You learn spells naturally, not from books.
Your magical power is your life essence.
You have superior vitality. (+4 MHP)


Message History

Aiming: Freeze (safe; 1% risk of failure)
Press: ? - help, Shift-Dir - straight line, f - deep elf zephyrmancer
Aim: a deep elf zephyrmancer, wielding a +0 rapier and wearing a +0 chain mail (ally target)
You feel a surge of power!
You freeze the deep elf zephyrmancer.
The deep elf zephyrmancer is lightly wounded.
The deep elf zephyrmancer misses you.
Your fulminant prism explodes!
The blast of energy engulfs the deep elf zephyrmancer.
The deep elf zephyrmancer is lightly wounded.
Unknown command.
Casting: Freeze (safe; 1% risk of failure)
Confirm with . or Enter, or press ? or * to list all spells.
Casting: Dazzling Flash (safe; 1% risk of failure)
Press: ? - help, Dir - look around, f - activate The deep elf zephyrmancer is dazzled.
The deep elf zephyrmancer closely misses you.
The +0 flail of Amoumoy {venom, rF+ rC+ rN+ Dex-2} stops dripping with poison.
Your +2 short sword of venom begins to drip with poison!
a - a +2 short sword of venom (weapon)
You hit the deep elf zephyrmancer but do no damage.
The deep elf zephyrmancer is poisoned.
The deep elf zephyrmancer is lightly wounded.
The deep elf zephyrmancer casts a spell at you.
The bolt of lightning hits you.
You strike the helpless deep elf zephyrmancer from behind!
You hit the deep elf zephyrmancer.
The deep elf zephyrmancer looks as sick as possible!
The deep elf zephyrmancer is moderately wounded.
The deep elf zephyrmancer casts a spell at you.
The bolt of lightning hits you!
There is an open gate here.
You hit the deep elf zephyrmancer.
The deep elf zephyrmancer looks as sick as possible!
The deep elf zephyrmancer is heavily wounded.
The deep elf zephyrmancer is no longer blind.
The deep elf zephyrmancer casts a spell at you.
The bolt of lightning hits you!
* * * LOW HITPOINT WARNING * * *
The bolt of lightning hits you!!
You die...

##.#### #.# #.#.#.# #.....#
#.# #.#.#.. #.###.#
##.#########.#....
#.###.#######............#####
###.##..)...........########
#...##.###########..#
#.####...........#..# #.#
#...........#..# #.#
#.8######'@'#.## #.#
#.......+8e.#.# #.#
#.......+...#.# #.#
#.......+8..#.# #.#
#.8######+++#.# #.#
#.......... #.# ##.#
#.......... #.#
#..####.###########.#
....................#
##########


You could see a deep elf zephyrmancer (extremely poisoned).

Vanquished Creatures
  A two-headed ogre (D:6)
  An acid dragon (D:6)
  2 black bears
  3 sky beasts (D:6)
  A necrophage (D:7)
  A bullfrog (D:4)
  A scorpion (D:6)
  A howler monkey (D:6)
  4 jellies
  4 orc priests (D:7)
  A hound (D:7)
  Terence (D:3)
  An orc wizard (D:7)
  5 adders
  A shadow imp (D:6)
  A dart slug (D:1)
  3 worms (D:3)
  13 orcs
  8 bats
  8 endoplasms
  2 giant cockroaches
  6 goblins
  5 hobgoblins
  6 jackals
  9 kobolds
  3 quokkas
  10 ball pythons
  8 frilled lizards
  11 rats
121 creatures vanquished.

Vanquished Creatures (others)
  3 fulminant prisms
3 creatures vanquished.

Grand Total: 124 creatures vanquished

Notes
Turn   | Place    | Note
-------+----------+-------------------------------------------
     0 | D:1      | ptdevnull the Djinni Conjurer began the quest for the Orb.
     0 | D:1      | Reached XP level 1. HP: 15/15 MP: 0/0
   187 | D:1      | Reached XP level 2. HP: 20/22 MP: 0/0
   231 | D:1      | Reached skill level 1 in Fighting
   669 | D:1      | Reached XP level 3. HP: 23/27 MP: 0/0
   669 | D:1      | Learned a level 1 spell: Freeze
  1682 | D:2      | Reached skill level 2 in Fighting
  2086 | D:2      | Reached XP level 4. HP: 31/33 MP: 0/0
  3130 | D:3      | Found a bloodstained altar of Trog.
  3292 | D:3      | Reached XP level 5. HP: 38/40 MP: 0/0
  3292 | D:3      | Learned a level 2 spell: Scorch
  3394 | D:3      | Noticed Terence
  3399 | D:3      | Killed Terence
  3400 | D:3      | Reached skill level 3 in Fighting
  4064 | D:4      | Noticed a bullfrog
  4072 | D:4      | Killed a bullfrog
  4073 | D:4      | Reached XP level 6. HP: 31/47 MP: 0/0
  4193 | D:4      | Found Coxt's Magic Scroll Emporium.
  4203 | D:4      | Bought a scroll of teleportation for 30 gold pieces
  4203 | D:4      | Bought a scroll of enchant weapon for 75 gold pieces
  4203 | D:4      | Bought a scroll of identify for 20 gold pieces
  4203 | D:4      | Bought a scroll of teleportation for 30 gold pieces
  4266 | D:4      | Reached skill level 4 in Fighting
  4725 | D:5      | Entered Level 5 of the Dungeon
  4731 | D:5      | You are sucked into a shaft and drop 1 floor!
  4736 | D:6      | Identified the +0 flail of Amoumoy {venom, rF+ rC+ rN+
                  | Dex-2}
  4745 | D:6      | Found a sacrificial altar of Ru.
  4766 | D:6      | Found a staircase to the Ecumenical Temple.
  4775 | D:6      | Found a basalt altar of Yredelemnul.
  4787 | Temple   | Entered the Ecumenical Temple
  5303 | Temple   | Became a worshipper of Makhleb the Destroyer
  5334 | D:6      | Noticed a black bear
  5338 | D:6      | Killed a black bear
  5342 | D:6      | Noticed a sky beast
  5348 | D:6      | Reached XP level 7. HP: 35/53 MP: 0/0
  5348 | D:6      | Learned a level 2 spell: Poisonous Vapours
  5357 | D:6      | Reached skill level 5 in Spellcasting
  5520 | D:6      | Reached skill level 5 in Fighting
  5819 | D:6      | Found an ornate altar of the Wu Jian Council.
  5868 | D:6      | Reached XP level 8. HP: 52/61 MP: 0/0
  6286 | D:6      | Found a sparkling altar of Nemelex Xobeh.
  6286 | D:6      | Found an iron altar of Okawaru.
  6286 | D:6      | Found an opulent altar of Gozag.
  6296 | D:6      | Reached skill level 6 in Fighting
  6548 | D:6      | Found a stormy altar of Qazlal.
  6588 | D:6      | Noticed a two-headed ogre
  6740 | D:6      | Killed a two-headed ogre
  6741 | D:6      | Reached skill level 7 in Fighting
  6741 | D:6      | Reached XP level 9. HP: 56/68 MP: 0/0
  6741 | D:6      | Learned a level 3 spell: Lesser Beckoning
  7117 | D:7      | Found a glowing silver altar of Zin.
  7137 | D:7      | Found a broken altar of Ashenzari.
  7281 | D:7      | Found Melupt's Antique Armour Shoppe.
  7342 | D:7      | Reached skill level 8 in Fighting
  7750 | D:7      | Noticed a deep elf zephyrmancer
  7762 | D:7      | Killed from afar by a deep elf zephyrmancer

Illustrated notes

Levels and vault maps discovered:
D:1:      wheals_arrival_shading, layout_loops_ring, minmay_liquid_box
D:2:      layout_loops_ring, minmay_misc_feat_roman
D:3:      layout_loops_cross, trog_butcher_becter, kennysheep_generic_room_5,
          uniq_terence
D:4:      layout_loops_cross, serial_shops, nicolae_shop_statue_plus,
          hangedman_abyss_or_decor_stabs, hangedman_decor_riveting
D:5:      layout_gridville, serial_park_tiny_2, minmay_divided_ellipse
D:6:      layout_basic, mainiacjoe_overflow_six_doors_small,
          minmay_overflow_temple_hex, mainiacjoe_overflow_catwalk_spiral,
          minmay_temple_entry_steel_oval, feat_on_display
D:7:      layout_loops_ring, ashenzari_conservatory_becter,
          mainiacjoe_overflow_catwalk, serial_shops, nicolae_shop_statue_plus,
          guppyfry_early_elven_hall
Temple:   jpeg_temple_island

Skill      XL: |  1  2  3  4  5  6  7  8  9 |
---------------+----------------------------+-----
Fighting       | 1 2 3 4 5 7 8 |  8.1
Spellcasting   | 4 5 6 7 |  7.1
Dodging        | |  2.1
Stealth        | |  1.5

Action                   |  1- 3 |  4- 6 |  7- 9 || total
-------------------------+-------+-------+-------++-------
Melee: Short sword       |       |     7 |     3 ||    10
 Cast: Magic Dart        |    88 |    81 |    44 ||   213
       Searing Ray       |     1 |     5 |     9 ||    15
       Freeze            |       |    10 |    22 ||    32
       Iskenderun's Myst |       |     1 |       ||     1
       Scorch            |       |     1 |    11 ||    12
       Fulminant Prism   |       |     1 |     2 ||     3
       Poisonous Vapours |       |       |     4 ||     4
       Dazzling Flash    |       |       |     1 ||     1
  Use: Scroll            |       |     5 |     1 ||     6
 Stab: Invisible         |       |       |     1 ||     1
Armor: Robe              |     2 |     2 |    16 ||    20
Dodge: Dodged            |    11 |    13 |    20 ||    44
Block: Buckler           |       |     1 |     3 ||     4

Table legend: (Time is in decaauts)
 A = Elapsed time spent in this place.
 B = Non-inter-level travel time spent in this place.
 C = Inter-level travel time spent in this place.
 D = Time resting spent in this place.
 E = Time spent auto-exploring this place.
 F = Levels seen in this place.
 G = Mean time per level.
                   A        B        C        D        E       F      G
               +--------+--------+--------+--------+--------+-----+--------+
         Total |   7761 |   7501 |    260 |   1915 |   4821 |   8 |  970.1 |
       Dungeon |   7141 |   6937 |    204 |   1827 |   4370 |   7 | 1020.1 |
        Temple |    620 |    564 |     56 |     88 |    451 |   1 |  620.0 |
               +--------+--------+--------+--------+--------+-----+--------+

Top non-repeatable levels by time:
     D:1: 1635 daAuts
     D:6: 1509 daAuts
     D:4: 1148 daAuts
     D:3: 1010 daAuts
     D:2: 930 daAuts
     D:7: 901 daAuts
  Temple: 620 daAuts
     D:5: 5 daAuts
